 Dungeon Crawl Stone Soup version 0.31-a0-542-gdc2a67831c (webtiles) character file.

Game seed: 3192962629562127729

1439873 Voda the Slayer (level 26, 208/260 HPs)
             Began as a Ghoul Necromancer on Aug 14, 2023.
             Was a Priest of Kikubaaqudgha.
             Escaped with the Orb
             ... and 3 runes!
             The game lasted 06:53:08 (92322 turns).

Voda the Slayer (Ghoul Necromancer)                Turns: 92322, Time: 06:53:09

Health: 208/260    AC: 35    Str: 19 (20) XL:     26   Next: 95%
Magic:  29/29      EV: 16    Int: 10      God:    Kikubaaqudgha [***...]
Gold:   3184       SH: 28    Dex: 15      Spells: 21/35 levels left

rFire   + + +        o - +9 quick blade (elec)
rCold   + + .        O - +3 tower shield
rNeg    + + +        X - +8 fire dragon scales
rPois   ∞            I - +1 helmet
rElec   .            M - scarf {rC+ rF+}
rCorr   +            E - +1 pair of gloves
SInv    +            p - +1 pair of boots
Will    ++...        w - amulet of reflection
Stlth   ++           R - ring "Safiw" {rC+ Will+ Str+2 SInv}
HPRegen 0.63/turn    m - ring "Juam" {rCorr AC+4}
MPRegen 0.21/turn

%: reflection
@: studying Translocations
A: claws 1, cold resistance 1, negative energy resistance 3, inhibited
regeneration, torment resistance 2, devour on kill
0: Orb of Zot
}: 3/15 runes: decaying, slimy, gossamer
a: Renounce Religion, Unearth Wretches


You escaped.
You worshipped Kikubaaqudgha.
Kikubaaqudgha was most pleased with you.
You visited 11 branches of the dungeon, and saw 50 of its levels.
You also visited: Ossuary.

You collected 7131 gold pieces.
You spent 3947 gold pieces at shops.

Inventory:

Hand Weapons
 o - a +9 quick blade of electrocution (weapon)
 z - the +9 dagger of Yredelemnul's Pride {antimagic, rCorr}
   (You took it off a tengu conjurer on level 14 of the Dungeon)

   rCorr:     It protects you from acid and corrosion.
 D - the +5 long sword "Lukyvieq" {drain, rElec rPois Int+3 Dex+3}
   (You found it on level 7 of the Dungeon)

   Int+3:     It affects your intelligence (+3).
   Dex+3:     It affects your dexterity (+3).
   rElec:     It insulates you from electricity.
   rPois:     It protects you from poison
Missiles
 K - 17 curare-tipped darts (quivered)
 Q - 2 silver javelins
Armour
 e - quicksilver dragon scales
 p - a +1 pair of boots (worn)
 E - a +1 pair of gloves (worn)
 I - a +1 helmet (worn)
 M - a scarf of resistance (worn)
 O - a +3 tower shield (worn)
 X - +8 fire dragon scales (worn)
Jewellery
 m - the ring "Juam" (right hand) {rCorr AC+4}
   (You bought it in a shop on level 2 of the Orcish Mines)

   [ring of protection]

   AC+4:      It affects your AC (+4).
   rCorr:     It protects you from acid and corrosion.
 t - a +6 ring of dexterity
 w - an amulet of reflection (around neck)
 B - a ring of protection from cold
 G - the ring of Ywips {Fire *Slow Will+ rCorr}
   (You found it on level 5 of the Lair of Beasts)

   [ring of fire]

   Fire:      It enhances your fire magic.
   rF+:       It protects you from fire.
   rC-:       It makes you vulnerable to cold.
   Will+:     It increases your willpower.
   rCorr:     It protects you from acid and corrosion.
   *Slow:     It may slow you when you take damage.
 P - a +6 ring of dexterity
 R - the ring "Safiw" (left hand) {rC+ Will+ Str+2 SInv}
   (You found it on level 2 of the Depths)

   [ring of see invisible]

   Str+2:     It affects your strength (+2).
   rC+:       It protects you from cold.
   Will+:     It increases your willpower.
   SInv:      It lets you see invisible.
 U - an amulet of faith
 Z - the amulet of Vitality {RegenMP++ Regen++}
   (You found it on level 3 of the Spider Nest)

   [amulet of magic regeneration]

   RegenMP:   It increases your rate of magic regeneration.
   Regen++:   It increases your rate of health regeneration.
Wands
 c - a wand of light (34)
 x - a wand of paralysis (41)
 H - a wand of iceblast (36)
 L - a wand of mindburst (23)
 W - a wand of digging (3)
Scrolls
 d - 11 scrolls of noise
 f - 4 scrolls of poison
 i - 3 scrolls of vulnerability
 j - 5 scrolls of fear
 r - a scroll of brand weapon
 s - 2 scrolls of enchant weapon
 u - 3 scrolls of teleportation
 v - 12 scrolls of revelation
 y - 9 scrolls of immolation
 C - 3 scrolls of blinking
 F - 2 scrolls of amnesia
 N - 7 scrolls of fog
 T - a scroll of silence
 V - 2 scrolls of torment
 Y - 15 scrolls of identify
Potions
 a - 2 potions of cancellation
 b - 4 potions of magic
 g - 3 potions of brilliance
 h - 4 potions of might
 k - 5 potions of enlightenment
 l - 10 potions of curing
 n - 4 potions of haste
 q - a potion of invisibility
 A - 7 potions of resistance
 J - a potion of ambrosia
 S - 7 potions of heal wounds


   Skills:
 + Level 25.8 Fighting
 - Level 13.6(17.5) Short Blades
 * Level 17.9(19.6) Long Blades
 - Level 19.0 Armour
 + Level 16.4 Dodging
 - Level 15.8 Stealth
 + Level 17.3 Shields
 - Level 3.0 Unarmed Combat
 - Level 5.0 Spellcasting
 - Level 13.1 Necromancy
 - Level 0.1 Air Magic


You had 21 spell levels left.
You knew the following spells:

 Your Spells              Type           Power      Damage    Failure   Level
a - Necrotise             Necr           100%       1d9       1%          1
b - Vampiric Draining     Necr           28%        2d8       1%          3
c - Animate Dead          Necr           28%        N/A       5%          4
d - Cigotuvi's Dreadful   Necr/Pois/Air  22%        N/A       30%         2
e - Dispel Undead         Necr           28%        3d13      5%          4

Your spell library contained the following spells:

 Spells                   Type           Power      Damage    Failure   Level
 Kiss of Death            Conj/Necr      60%        2d10      9%          1
 Agony                    Necr           28%        N/A       16%         5
 Death Channel            Necr           14%        N/A       65%         6
 Magic Dart               Conj           8%         1d3       77%         1
 Summon Small Mammal      Summ           8%         N/A       77%         1
 Blink                    Tloc           4%         N/A       88%         2
 Call Imp                 Summ           4%         N/A       88%         2
 Lesser Beckoning         Tloc           4%         N/A       88%         2
 Momentum Strike          Conj/Tloc      4%         3d8       88%         2
 Static Discharge         Conj/Air       4%         2-3/arc   88%         2
 Borgnjor's Vile Clutch   Necr/Erth      7%         N/A       93%         5
 Call Canine Familiar     Summ           2%         N/A       98%         3
 Confusing Touch          Hex            2%         N/A       98%         3
 Dazzling Flash           Conj/Hex       4%         N/A       98%         3
 Gell's Gravitas          Tloc           2%         N/A       98%         3
 Inner Flame              Hex/Fire       2%         N/A       98%         3
 Mephitic Cloud           Conj/Pois/Air  2%         N/A       98%         3
 Ozocubu's Armour         Ice            2%         N/A       98%         3
 Portal Projectile        Hex/Tloc       4%         N/A       98%         3
 Summon Guardian Golem    Hex/Summ       2%         N/A       98%         3
 Teleport Other           Tloc           2%         N/A       98%         3
 Tukima's Dance           Hex            2%         N/A       98%         3
 Volatile Blastmotes      Fire/Tloc      4%         2d10      98%         3
 Airstrike                Air            1%         2d(1-17)  100%        4
 Flame Wave               Conj/Fire      2%         2d4       100%        4
 Iskenderun's Mystic Bla  Conj/Tloc      2%         2d3       100%        4
 Passage of Golubria      Tloc           2%         N/A       100%        4
 Sticky Flame             Conj/Fire      2%         2d3       100%        4
 Summon Lightning Spire   Summ/Air       2%         N/A       100%        4
 Iskenderun's Battlesphe  Conj           2%         2d6       100%        5
 Silence                  Hex/Air        1%         N/A       100%        5
 Summon Forest            Summ/Tloc      1%         N/A       100%        5
 Summon Mana Viper        Hex/Summ       2%         N/A       100%        5
 Dispersal                Tloc           1%         N/A       100%        6
 Leda's Unmaking          Conj/Erth      1%         9d1       100%        6
 Starburst                Conj/Fire      1%         6d3       100%        6
 Summon Cactus Giant      Summ           1%         N/A       100%        6
 Ozocubu's Refrigeration  Ice            1%         4d7       100%        7
 Spellforged Servitor     Conj/Summ      1%         N/A       100%        7
 Lehudib's Crystal Spear  Conj/Erth      1%         10d2      100%        8
 Maxwell's Capacitive Co  Air            1%         ∞         100%        8


Dungeon Overview and Level Annotations

Branches:
Dungeon (15/15)            Temple (1/1) D:7            Lair (5/5) D:11
  Swamp (4/4) Lair:3       Spider (4/4) Lair:2        Slime (5/5) Lair:4
    Orc (2/2) D:10            Elf (0/3) Orc:2        Vaults (4/5) D:13
  Crypt (1/3) Vaults:2     Depths (4/4) D:15            Zot (5/5) Depths:4
Ossuary (visited)

Altars:
Ashenzari
Cheibriados
Dithmenos
Fedhas
Gozag
Hepliaklqana
Kikubaaqudgha
Makhleb
Nemelex Xobeh
Okawaru
Qazlal
Ru
Sif Muna
Trog
Uskayaw
Vehumet
Wu Jian
Xom
Yredelemnul

Shops:
D:10 *   D:14 (   Orc:2 *:?*   Vaults:3 (   Depths:1 !=[?

Portals:
Hell: Depths:1 Depths:2 Depths:3 Depths:4
Abyss: Depths:2 Depths:3
Pandemonium: Depths:2 Depths:3 Depths:4
Ziggurat: Depths:2

Annotations:
D:4 Menkaure
D:9 Gastronok
D:12 1 runed translucent door
Lair:2 Urug
Spider:2 Roxanne
Spider:3 2 transporters, exclusion: orange crystal statue
Orc:1 exclusion: oklob plant, Harold
Zot:3 3 runed translucent doors, Netemen's ghost, master GnFi; ShutUppercut's ghost, legendary DsGl
Zot:5 exclusion: 2 upstairs


Innate Abilities, Weirdness & Mutations

You are immune to poison.
You have sharp fingernails.
Your flesh is cold resistant. (rC+)
You are immune to negative energy. (rN+++)
You do not regenerate when monsters are visible.
You are immune to unholy pain and torment.
You thrive by killing the living.


Message History

The angel hits you but does no damage. The angel attacks as you move away!
You block the angel's attack. x2
Your surroundings suddenly seem different.
There is a stone staircase leading up here.
You climb upwards.
There is a stone staircase leading down here.
What level of the Dungeon? (default 1, ? - help)
You see here 5 stones.
You see here a +0 giant club.
There is a stone staircase leading up here.
You climb upwards.
Level annotation: Menkaure
There is a stone staircase leading down here.
A Tzitzimitl comes into view.
The Tzitzimitl gestures at you.
You convulse!
* * * LOW HITPOINT WARNING * * *
There is a stone staircase leading up here.
You climb upwards.
There is a stone staircase leading down here.
What level of the Dungeon? (default 1, ? - help)
There is a stone staircase leading up here.
You climb upwards.
There is a stone staircase leading down here.
You see here a +0 club.
There is a stone staircase leading up here.
You climb upwards.
There is a stone staircase leading down here.
What level of the Dungeon? (default 1, ? - help) You're already here!
You open the door.
A Brimstone Fiend comes into view.
There is an open door here.
There is an open door here.
The Brimstone Fiend gestures at you.
The sphere of damnation explodes!
The damnation engulfs you!!
* * * LOW HITPOINT WARNING * * *
There is an open door here.
There is a staircase leading out of the dungeon here.
You have escaped!

##..####### #...##..... #..##
#.#.##..... #.###########
####.#........ ######.#.........#
#.............
.........###.###)###.###.........
....#.##.+.....#.#.....+.........
.........#'#.#######.#+#........>
....####...#.'.....'.#.+...#...).
....# #.#.#.#..@..#.#.#...###...
....# #.#.#'#..>..#'#.#...# ##..
##### #.#.#.#.....#.#.#.######..
# #.+.#.#.....#.#.+.# #.... #
#.###.#+#####.#'#.# ##.... ##
#.'.....#.'..1..'.# #..... .#
#####.###'###'#######.....
.###########.........##.##.......
...................#..........##.


There were no monsters in sight!

Vanquished Creatures
  the Royal Jelly (Slime:5)
  4 ancient liches (Zot:5)
  2 orbs of fire
  4 dread liches
  Mennas (Crypt:1)
  3 juggernauts (Depths:2)
  2 Killer Klowns (Zot:5)
  Frederick (Vaults:4)
  Xtahua (Vaults:3)
  the Lernaean hydra (Swamp:4)
  Saint Roka (Depths:3)
  5 caustic shrikes (Depths:4)
  2 curse toes (Zot:5)
  Jory (Crypt:1)
  3 golden dragons
  Arachne (Spider:2)
  A doom hound (Zot:4)
  A Tzitzimitl (Zot:3)
  10 tentacled monstrosities
  A walking crystal tome (Depths:4)
  5 electric golems
  3 liches
  25 Orb Guardians
  An Ice Fiend (D:7)
  Grunn (Zot:4)
  8 quicksilver dragons
  2 titans
  5 sphinxes
  20 acid blobs
  6 death cobs
  3 ancient champions
  7 shadow dragons
  A thorn hunter (Swamp:3)
  7 storm dragons
  3 tengu reavers
  Donald (Spider:3)
  8 azure jellies
  Kirke (Swamp:1)
  A fenstrider witch (Swamp:1)
  7 rockslimes (Slime:5)
  5 draconian knights
  The ghost of t4s4d4r the Eclecticist, an adept DEEE of Vehumet (Spider:1)
  An azure jelly (shapeshifter) (Zot:2)
  11 frost giants
  4 draconian monks
  9 fire giants
  A balrug (Zot:2)
  6 emperor scorpions
  11 vault wardens
  Louise (Spider:4)
  7 ghost moths
  3 draconian stormcallers
  2 orc warlords (Vaults:2)
  2 iron dragons
  6 draconian scorchers
  4 draconian shifters
  14 ironbound preservers
  4 draconian annihilators
  15 quicksilver oozes
  A formless jellyfish (Vaults:1)
  22 very ugly things
  The ghost of Zgarb the Frost Mage, a journeyman DgIE (Lair:4)
  10 broodmothers
  8 ghouls
  3 war gargoyles
  A spriggan defender (Depths:3)
  8 ironbound thunderhulks
  2 vampire knights
  A green draconian (shapeshifter) (Zot:2)
  A deep elf annihilator (Zot:2)
  A lorocyproca (Depths:2)
  8 black draconians
  10 stone giants
  9 spark wasps
  The ghost of Tenar the Ripper, a journeyman FeSh of Gozag (Spider:1)
  4 eleionomae
  4 bunyips
  9 white draconians
  13 dire elephants
  15 green draconians
  15 yellow draconians
  15 red draconians
  16 purple draconians
  An acid blob zombie (Slime:5)
  2 eidola
  2 crystal guardians
  3 ettins
  10 fire dragons
  2 deep elf death magi
  3 shambling mangroves
  10 great orbs of eyes
  A deep elf high priest (Vaults:3)
  4 entropy weavers
  Josephine (Orc:2)
  5 jiangshi
  A quicksilver dragon skeleton (Depths:1)
  12 yaktaur captains
  16 hydras
  10 vault guards
  A rakshasa (D:15)
  3 catoblepae
  A peacekeeper (Vaults:3)
  5 centaur warriors
  13 ironbound frosthearts
  4 ogre magi (Orc:2)
  16 ice dragons
  2 jorogumos
  A spriggan skeleton (Depths:1)
  A hell beast (Depths:3)
  7 boulder beetles
  5 spriggan air magi
  A satyr (shapeshifter) (Zot:2)
  5 tengu warriors
  11 alligators
  A death knight (D:14)
  7 demonic crawlers
  9 deep troll earth magi
  13 two-headed ogres
  7 deep troll shamans
  A bennu skeleton (Crypt:1)
  2 vampire magi
  A quicksilver ooze zombie (Crypt:1)
  2 orc high priests (Orc:2)
  3 soul eaters
  6 spriggan berserkers
  An emperor scorpion zombie (Crypt:1)
  3 hell knights (Depths:1)
  3 skeletal warriors
  2 sun moths
  2 goliath frogs
  8 iron trolls
  7 pharaoh ants
  A salamander mystic (Depths:2)
  4 spriggan druids
  7 orb spiders
  10 swamp dragons
  A flayed ghost (Depths:4)
  6 glowing orange brains
  7 steelbarb worms
  Pikel (D:9)
  55 deep trolls
  15 ironbound convokers
  15 lindwurms
  A shadow dragon zombie (Crypt:1)
  11 wizards
  5 bog bodies
  A spriggan simulacrum (Crypt:1)
  4 orc knights
  3 deep elf pyromancers
  2 phantasmal warriors
  37 ugly things
  7 necromancers
  5 shining eyes
  12 cyclopes
  A tengu skeleton (Vaults:2)
  A fire giant skeleton (Depths:1)
  29 elephants
  A will-o-the-wisp (Swamp:4)
  2 salamanders (Depths:2)
  42 moths of wrath
  26 wolf spiders
  3 manticores
  A stone giant skeleton (Vaults:2)
  A guardian serpent (shapeshifter) (D:15)
  A formless jellyfish zombie (Slime:5)
  Maurice (D:10)
  10 black mambas
  3 guardian serpents
  9 vault sentinels
  2 rust devils (Depths:3)
  An apocalypse crab (Zot:2)
  Joseph (D:9)
  A dire elephant zombie (Crypt:1)
  A centaur skeleton (Crypt:1)
  5 eyes of devastation
  A gargoyle (D:12)
  A cane toad (shapeshifter) (D:15)
  14 cane toads
  8 torpor snails
  A hellion (Depths:2)
  2 freezing wraiths (D:14)
  3 kobold demonologists
  10 komodo dragons
  28 yaktaurs
  4 tengu conjurers
  3 ice devils
  An anaconda simulacrum (Crypt:1)
  2 efreet (D:14)
  4 meliai (Spider:4)
  11 tyrant leeches
  A pale draconian skeleton (Crypt:1)
  A queen bee (Spider:4)
  9 trolls
  Prince Ribbit (D:5)
  3 harpy zombies (Zot:2)
  A polar bear (shapeshifter) (Depths:3)
  A hydra skeleton (Crypt:1)
  4 polar bears
  19 tarantellas
  A raiju (shapeshifter) (D:15)
  14 blink frogs
  An ettin zombie (Depths:1)
  3 raiju
  20 hornets
  5 dream sheep (Lair:5)
  25 jumping spiders
  5 slime creature zombies
  A flying skull (Crypt:1)
  77 slime creatures
  15 culicivoras
  35 yaks
  A culicivora (shapeshifter) (Depths:3)
  13 spriggans
  2 shadows
  A black mamba skeleton (Crypt:1)
  A fire dragon skeleton (Crypt:1)
  8 wraiths
  5 fire bats
  3 water elementals
  13 wyverns
  2 basilisks
  A hog (Swamp:1)
  A hog (shapeshifter) (D:14)
  48 redbacks
  An elf simulacrum (Vaults:2)
  4 golden eyes (Slime:2)
  4 steam dragons
  37 vampire mosquitoes
  A chaos spawn (Depths:2)
  7 wargs
  20 swamp worms
  30 water moccasins
  A floating eye (Depths:4)
  5 hell hounds (D:9)
  2 acid dragons
  24 orc warriors
  2 black bears
  An ice beast (D:8)
  9 swamp drakes
  A sky beast (D:7)
  31 ogres
  A sky beast (shapeshifter) (D:15)
  12 wolves
  4 boggarts
  7 centaurs
  3 lemures (D:8)
  A manticore skeleton (Crypt:1)
  7 kobold brigands
  13 bullfrogs
  7 gnoll sergeants
  3 necrophages (Vaults:2)
  A glowing shapeshifter simulacrum (Depths:1)
  4 wights
  A human simulacrum (Vaults:2)
  19 killer bees
  3 howler monkeys
  A lava snake (Lair:5)
  7 jellies
  12 orc priests
  3 hounds
  2 gnoll boudas
  10 iguanas
  A sleepcap (D:5)
  24 orc wizards
  A boggart zombie (Crypt:1)
  4 hell rats
  3 mummies
  20 gnolls
  9 adders
  A river rat (D:4)
  2 shadow imps (D:7)
  3 white imps
  2 ufetubi
  2 worms
  2 dart slugs (D:4)
  77 orcs
  4 ball pythons
  8 endoplasms
  6 giant cockroaches
  6 goblins
  3 hobgoblins
  4 jackals (D:2)
  2 quokkas
  4 bats
  11 kobolds
  6 rats
  A spectral weapon (Swamp:4)
1976 creatures vanquished.

Vanquished Creatures (collateral kills)
  An ancient lich (Zot:5)
  A Killer Klown (Zot:5)
  A Tzitzimitl (Zot:4)
  A doom hound (Zot:4)
  2 tentacled monstrosities
  A quicksilver dragon (Zot:5)
  3 Orb Guardians (Zot:5)
  3 acid blobs
  2 death cobs
  2 draconian monks
  2 storm dragons
  2 azure jellies
  3 rockslimes
  A vault warden (Vaults:3)
  An ironbound preserver (Vaults:3)
  A very ugly thing (Depths:4)
  2 formless jellyfish (Slime:1)
  A reaper (Zot:4)
  4 quicksilver oozes
  An ironbound thunderhulk (Vaults:2)
  An eleionoma (Swamp:4)
  2 stone giants (Depths:1)
  A green draconian (Zot:5)
  3 purple draconians (Zot:5)
  A yellow draconian (Zot:5)
  A white draconian (Zot:1)
  3 black draconians
  A red draconian (Zot:3)
  A spark wasp (Depths:4)
  3 dire elephants (Vaults:1)
  A minotaur (Lair:5)
  A crystal guardian (Vaults:3)
  A jiangshi (Depths:4)
  2 ice dragons (Depths:4)
  3 great orbs of eyes
  A ghost crab (Swamp:4)
  A spriggan air mage (Depths:2)
  A vault guard (Vaults:3)
  A boulder beetle (Vaults:3)
  8 hydras (Swamp:4)
  A dancing weapon (Depths:3)
  2 tengu warriors (Depths:1)
  A deep troll earth mage (Depths:1)
  2 deep troll shamans (Depths:1)
  A vampire mage (Depths:4)
  A demonic crawler (Spider:3)
  A pharaoh ant (Spider:3)
  4 orb spiders
  2 iron trolls (Depths:1)
  A deep troll (Vaults:2)
  A wizard (Vaults:2)
  2 swamp dragons
  A lindwurm (Vaults:1)
  An ironbound convoker (Vaults:3)
  2 orc knights
  A steelbarb worm (Spider:4)
  A manticore (D:14)
  4 wolf spiders
  5 cyclopes
  3 ugly things (D:14)
  2 moths of wrath
  A guardian serpent (Zot:2)
  A vault sentinel (Vaults:3)
  2 eyes of devastation
  A rime drake (Lair:1)
  An efreet (D:14)
  8 yaktaurs
  A hydra zombie (Swamp:4)
  A hornet (Swamp:4)
  A raiju (Zot:2)
  A bloated husk (Swamp:4)
  A tarantella (Spider:4)
  9 jumping spiders
  2 culicivoras (Spider:4)
  15 slime creatures
  2 spriggans (Swamp:4)
  2 water elementals
  A wraith (D:14)
  A fire bat (Orc:2)
  6 redbacks
  A vampire mosquito (D:14)
  2 swamp worms (Swamp:4)
  A floating eye (Slime:4)
  2 swamp drakes (Swamp:4)
  A killer bee (Spider:4)
  A howler monkey (D:14)
  2 orc wizards
  6 orcs
  An endoplasm (D:2)
  A giant cockroach (D:4)
  A butterfly (Zot:2)
187 creatures vanquished.

Vanquished Creatures (others)
  4 golden dragons
  3 quicksilver dragons
  2 acid blobs (Slime:5)
  A sphinx (Vaults:4)
  A death cob (Zot:2)
  5 storm dragons
  3 azure jellies
  A draconian monk (Zot:5)
  3 draconian knights
  2 frost giants
  4 rockslimes
  A fire giant (Depths:1)
  A draconian shifter (Zot:4)
  A draconian stormcaller (Zot:1)
  A draconian scorcher (Zot:5)
  2 vault wardens
  A caustic shrike zombie (Depths:4)
  An angel (D:6)
  2 draconian annihilators
  6 stone giants
  A formless jellyfish (Slime:5)
  2 ironbound preservers
  A Killer Klown zombie (Zot:5)
  A doom hound zombie (Zot:4)
  An ironbound thunderhulk (Vaults:1)
  An eleionoma (Swamp:4)
  2 green draconians
  A bunyip (Swamp:4)
  4 red draconians
  2 rockslime zombies (Slime:5)
  2 white draconians
  A yellow draconian (Zot:5)
  3 black draconians
  A spark wasp (Depths:4)
  A dire elephant (Vaults:2)
  An acid blob zombie (Slime:5)
  3 very ugly thing zombies
  3 quicksilver dragon zombies
  An ettin (Depths:1)
  4 fire dragons
  A great orb of eyes (Vaults:2)
  6 ice dragons
  A spriggan air mage (Depths:4)
  3 Orb Guardian zombies (Zot:5)
  3 sphinx zombies
  A hydra (Swamp:4)
  A centaur warrior (Vaults:2)
  2 tengu warriors
  An azure jelly zombie (Slime:1)
  A demigod zombie (Vaults:4)
  2 deep troll shamans
  2 deep troll earth magi (Depths:1)
  2 quicksilver ooze zombies
  An emperor scorpion zombie (Spider:1)
  A spriggan berserker (Depths:3)
  6 storm dragon zombies
  A spriggan (Swamp:4)
  A hell knight (Depths:4)
  A death drake (Swamp:4)
  An orb spider (Spider:4)
  An ogre zombie (Vaults:4)
  5 spark wasp zombies (Depths:4)
  2 golden dragon zombies
  3 wizards
  A swamp dragon (Swamp:4)
  An ironbound convoker (Vaults:2)
  3 ugly thing zombies
  3 wolf spider zombies
  10 draconian zombies
  2 fire giant zombies
  An eleionoma zombie (Swamp:4)
  6 stone giant zombies
  A wolf spider (Spider:1)
  4 frost giant zombies
  A vault sentinel (Vaults:2)
  2 centaur zombies (Vaults:2)
  13 moths of wrath
  3 dire elephant zombies
  A black mamba (Lair:5)
  A cane toad (Lair:5)
  3 purple draconian zombies
  2 black draconian zombies
  An unseen horror (D:12)
  3 red draconian zombies
  4 white draconian zombies
  A yaktaur (Vaults:1)
  4 green draconian zombies
  A swamp worm zombie (Swamp:4)
  11 redback zombies
  A komodo dragon (Lair:5)
  3 iron troll zombies
  5 hydra zombies (Swamp:4)
  A bloated husk (Swamp:1)
  A meliai (Spider:1)
  A death drake zombie (Swamp:4)
  A polar bear (Lair:5)
  A hornet (Swamp:4)
  2 tarantellas
  A tyrant leech (Swamp:4)
  2 ettin zombies
  13 moth of wrath zombies
  3 fire dragon zombies
  9 ice dragon zombies
  4 spriggan zombies
  3 jumping spider zombies (Spider:4)
  A great orb of eyes zombie (Vaults:2)
  2 alligator zombies (Swamp:4)
  3 culicivora zombies
  11 slime creatures
  A tarantella zombie (Spider:1)
  A jumping spider (Spider:1)
  A culicivora (Spider:1)
  2 tyrant leech zombies (Swamp:4)
  7 slime creature zombies
  A yak (Lair:5)
  5 humans (Swamp:1)
  25 deep troll zombies
  22 human zombies
  3 entropy weaver zombies
  An orc warrior (Orc:1)
  A swamp drake (Swamp:4)
  2 swamp dragon zombies
  A ghost crab zombie (Swamp:4)
  A hornet zombie (Swamp:4)
  4 lindwurm zombies
  An elf zombie (D:14)
  A hog zombie (D:14)
  A blink frog zombie (Lair:1)
  A vampire mosquito zombie (Swamp:3)
  7 yaktaur zombies
  A cyclops zombie (D:14)
  7 tengu zombies
  A troll zombie (Depths:3)
  An orc wizard (Orc:1)
  2 swamp drake zombies (Swamp:4)
  23 orc zombies
  A jackal (D:14)
  A jackal zombie (D:14)
  8 foxfires (Swamp:4)
415 creatures vanquished.

Grand Total: 2578 creatures vanquished

Notes
Turn   | Place    | Note
-------+----------+-------------------------------------------
     0 | D:1      | Voda the Ghoul Necromancer began the quest for the Orb.
     0 | D:1      | Reached XP level 1. HP: 14/14 MP: 2/2
    37 | D:1      | You fall into a shaft and drop 1 floor!
   362 | D:1      | Reached XP level 2. HP: 22/22 MP: 3/3
   655 | D:2      | Reached XP level 3. HP: 21/27 MP: 1/4
   728 | D:2      | Learned a level 3 spell: Vampiric Draining
   860 | D:2      | Found a stormy altar of Qazlal.
  1408 | D:2      | Reached XP level 4. HP: 34/34 MP: 2/6
  1417 | D:2      | Reached skill level 1 in Fighting
  1417 | D:2      | Reached skill level 1 in Unarmed Combat
  1764 | D:3      | Found a faded altar of an unknown god.
  2445 | D:4      | Noticed Menkaure
  2492 | D:3      | Reached XP level 5. HP: 30/40 MP: 7/7
  2560 | D:4      | Reached skill level 1 in Short Blades
  2795 | D:4      | Reached skill level 2 in Fighting
  2906 | D:3      | Reached XP level 6. HP: 48/48 MP: 8/8
  3710 | D:5      | Entered Level 5 of the Dungeon
  3803 | D:5      | Reached skill level 5 in Necromancy
  4138 | D:5      | Noticed Prince Ribbit
  4185 | D:5      | Killed Prince Ribbit
  4186 | D:5      | Reached skill level 3 in Fighting
  4186 | D:5      | Reached XP level 7. HP: 32/57 MP: 3/10
  4201 | D:5      | Found a sand-covered staircase.
  4224 | Ossuary  | Entered an ossuary
  5351 | D:6      | Reached XP level 8. HP: 52/63 MP: 6/11
  5465 | D:6      | Reached skill level 5 in Stealth
  5523 | D:6      | Found a shimmering altar of Xom.
  5524 | D:6      | Noticed an angel
  5891 | D:6      | Killed an angel
  6504 | D:7      | Learned a level 4 spell: Animate Dead
  7086 | D:6      | Reached skill level 4 in Fighting
  7432 | D:7      | Found a staircase to the Ecumenical Temple.
  7441 | Temple   | Entered the Ecumenical Temple
  7508 | Temple   | Became a worshipper of Kikubaaqudgha
  7777 | D:7      | Identified the +5 long sword "Lukyvieq" {drain, rElec rPois
                  | Int+3 Dex+3}
  8060 | D:8      | Reached skill level 1 in Shields
  8060 | D:8      | Reached XP level 9. HP: 70/72 MP: 13/13
  8089 | D:8      | Reached skill level 1 in Long Blades
  8991 | D:8      | Reached skill level 5 in Fighting
  9608 | D:8      | Noticed a green ugly thing
  9705 | D:7      | Reached XP level 10. HP: 78/81 MP: 5/15
 10049 | D:8      | Reached * piety under Kikubaaqudgha
 10049 | D:8      | Received a gift from Kikubaaqudgha
 10292 | D:8      | Learned a level 2 spell: Cigotuvi's Dreadful Rot
 10963 | D:8      | Found a hide-covered altar of Uskayaw.
 10969 | D:8      | Found a snail-covered altar of Cheibriados.
 11007 | D:8      | Found a bloodstained altar of Trog.
 11014 | D:8      | Found a shimmering blue altar of Sif Muna.
 11095 | D:8      | Noticed a cyclops
 11803 | D:9      | Reached skill level 6 in Fighting
 11961 | D:9      | Noticed Pikel
 11961 | D:9      | Noticed Gastronok
 12596 | D:9      | Noticed Joseph
 12603 | D:9      | Killed Joseph
 12786 | D:8      | Killed a cyclops
 12787 | D:8      | Reached skill level 5 in Long Blades
 12787 | D:8      | Reached skill level 5 in Spellcasting
 13069 | D:9      | Killed Pikel
 13070 | D:9      | Reached XP level 11. HP: 91/91 MP: 1/17
 13235 | D:10     | Entered Level 10 of the Dungeon
 13274 | D:10     | Found a staircase to the Orcish Mines.
 13319 | D:9      | Reached ** piety under Kikubaaqudgha
 14200 | D:10     | Noticed Maurice
 14229 | D:10     | Killed Maurice
 14529 | D:10     | Found Zaorunk's Neck Hole.
 14534 | D:10     | Noticed a two-headed ogre
 14556 | D:10     | Killed a two-headed ogre
 14557 | D:10     | Reached skill level 5 in Dodging
 14570 | D:10     | Bought an amulet of magic regeneration for 360 gold pieces
 14784 | D:11     | Noticed a sixfirhy
 14844 | D:11     | Noticed a centaur warrior
 15053 | D:11     | Noticed a brown ugly thing
 15125 | Orc:1    | Entered Level 1 of the Orcish Mines
 15401 | Orc:1    | Reached skill level 7 in Fighting
 15663 | D:11     | Killed a brown ugly thing
 16216 | D:11     | Found a staircase to the Lair.
 16288 | Lair:1   | Entered Level 1 of the Lair of Beasts
 16569 | D:11     | Noticed a +0 dagger
 16572 | D:11     | Noticed a +0 dagger
 16641 | D:11     | Reached XP level 12. HP: 79/100 MP: 9/18
 16714 | D:11     | Found a hide-covered altar of Uskayaw.
 16895 | D:11     | Killed a centaur warrior
 16896 | D:11     | Reached skill level 5 in Shields
 17731 | D:11     | Reached *** piety under Kikubaaqudgha
 17731 | D:11     | Received a gift from Kikubaaqudgha
 17833 | D:11     | Reached skill level 8 in Fighting
 18312 | Lair:1   | Reached skill level 10 in Necromancy
 19738 | Lair:2   | Found a hole to the Spider Nest.
 19816 | Lair:2   | Reached **** piety under Kikubaaqudgha
 19850 | Lair:2   | Reached XP level 13. HP: 46/110 MP: 19/19
 20370 | Lair:1   | Reached skill level 1 in Armour
 20513 | Lair:2   | Reached skill level 9 in Fighting
 20558 | Lair:2   | Noticed Urug
 20785 | Lair:3   | Reached skill level 10 in Stealth
 20889 | Lair:3   | Learned a level 4 spell: Dispel Undead
 21658 | Lair:3   | Found a staircase to the Swamp.
 22767 | Lair:4   | Found a staircase to the Slime Pits.
 22939 | Lair:4   | Found the +8 whip "Snakebite" {venom, curare, rPois}
 22991 | Lair:4   | Identified the +1 scale mail of Negation {+Blink Fly rC-
                  | Int+3}
 23565 | Lair:5   | Entered Level 5 of the Lair of Beasts
 23866 | Lair:5   | Reached ***** piety under Kikubaaqudgha
 23901 | Lair:4   | Reached skill level 10 in Long Blades
 24506 | Lair:4   | Reached skill level 10 in Fighting
 24548 | Lair:4   | Reached XP level 14. HP: 108/121 MP: 15/20
 24643 | Lair:5   | Found a runed translucent gate.
 24644 | Lair:5   | Found a runed translucent gate.
 24645 | Lair:5   | Found a runed translucent gate.
 25403 | Lair:5   | Identified the +0 rapier "Spider's Foe" {drain, rF++ rC+}
 25844 | Lair:5   | Reached skill level 5 in Armour
 25974 | Lair:5   | Noticed Zgarb's ghost (journeyman DgIE)
 26183 | Lair:5   | Found a runed translucent door.
 26197 | Lair:5   | Identified the +1 ring mail of Hadjma {Will+ Dex+3 Slay+3}
 26929 | Orc:1    | Reached skill level 11 in Fighting
 27052 | Orc:1    | Noticed a stone giant
 27144 | Orc:2    | Entered Level 2 of the Orcish Mines
 27174 | Orc:2    | Noticed Josephine
 27192 | Orc:2    | Reached ****** piety under Kikubaaqudgha
 27207 | Orc:2    | Killed Josephine
 27336 | Orc:2    | Reached XP level 15. HP: 129/129 MP: 21/21
 27760 | Orc:1    | Identified 3 scrolls of acquirement
 27761 | Orc:1    | Acquired a manual of Fighting
 27826 | Orc:1    | Noticed Harold
 28406 | Orc:2    | Found Foibagam's General Store.
 28406 | Orc:2    | Found Linuji's Book Boutique.
 28444 | Orc:2    | Found Tihuihaj's Magic Scroll Boutique.
 28444 | Orc:2    | Found Mugohang's General Store.
 28461 | Orc:2    | Bought a scroll of teleportation for 30 gold pieces
 28462 | Orc:2    | Bought a scroll of fear for 56 gold pieces
 28462 | Orc:2    | Bought a scroll of enchant weapon for 105 gold pieces
 28462 | Orc:2    | Bought 3 scrolls of enchant weapon for 315 gold pieces
 28532 | Orc:2    | Found a staircase to the Elven Halls.
 29133 | Orc:2    | Bought a potion of cancellation for 136 gold pieces
 29134 | Orc:2    | Bought a scroll of identify for 28 gold pieces
 29135 | Orc:2    | Bought a scroll of identify for 28 gold pieces
 29664 | D:12     | Reached skill level 12 in Fighting
 29736 | D:12     | Found a runed translucent door.
 29738 | D:12     | Noticed a fire giant
 30789 | D:13     | Found an iron altar of Okawaru.
 31272 | Orc:2    | Bought the ring "Juam" {rCorr AC+4} for 486 gold pieces
 32173 | D:13     | Found a gate to the Vaults.
 32286 | D:14     | Found Evaepet's Antique Weapon Shop.
 32315 | D:14     | Reached skill level 13 in Fighting
 33003 | D:14     | Reached XP level 16. HP: 103/144 MP: 22/22
 33618 | D:14     | Identified the +9 dagger of Yredelemnul's Pride {antimagic,
                  | rCorr}
 33731 | D:15     | Entered Level 15 of the Dungeon
 33914 | D:15     | Acquired a +2 quick blade of draining
 34180 | D:15     | Reached skill level 14 in Fighting
 34856 | D:15     | Identified the +1 mace "Lishrul" {venom, Fly rElec Will+}
 34956 | D:15     | Acquired a manual of Armour
 35118 | D:15     | Found a staircase to the Depths.
 35223 | D:15     | Identified a +9 quick blade of pain (a +7 quick blade of
                  | draining bloodied by Kikubaaqudgha)
 35223 | D:15     | Received a gift from Kikubaaqudgha
 35402 | Spider:1 | Entered Level 1 of the Spider Nest
 35681 | Spider:1 | Reached skill level 5 in Short Blades
 36036 | Spider:1 | Found a runed translucent gate.
 36036 | Spider:1 | Found a runed translucent gate.
 36036 | Spider:1 | Found a runed translucent gate.
 36036 | Spider:1 | Noticed Tenar's ghost (journeyman FeSh)
 36037 | Spider:1 | Noticed t4s4d4r's ghost (adept DEEE)
 37830 | Spider:1 | Killed t4s4d4r's ghost
 37898 | Spider:1 | Killed Tenar's ghost
 38365 | Lair:5   | Identified the ring of Ywips {Fire *Slow Will+ rCorr}
 38814 | Lair:4   | Killed Zgarb's ghost
 39308 | Lair:5   | Reached XP level 17. HP: 122/154 MP: 23/23
 39694 | Depths:1 | Entered Level 1 of the Depths
 39908 | D:10     | Bought a scarf of resistance for 384 gold pieces
 40166 | Depths:1 | Reached skill level 10 in Short Blades
 40219 | Depths:1 | Noticed a sphinx
 40274 | Depths:1 | Killed a sphinx
 40333 | Depths:1 | Reached skill level 10 in Dodging
 40586 | Depths:1 | Found Lismyol's Antique Armour Boutique.
 40587 | Depths:1 | Found Ewuul's Magic Scroll Boutique.
 40587 | Depths:1 | Found Duyri's Distillery.
 40591 | Depths:1 | Found Losun's Jewellery Shop.
 40636 | Depths:1 | Bought a scroll of blinking for 112 gold pieces
 41111 | Depths:1 | Found a gateway to Hell.
 41470 | Depths:2 | Found a one-way gate leading to the halls of Pandemonium.
 41480 | Depths:2 | Reached skill level 15 in Fighting
 41959 | Depths:2 | Noticed a lich
 42620 | Depths:2 | Found a one-way gateway to a ziggurat.
 42636 | Depths:2 | Reached skill level 10 in Shields
 42657 | Depths:2 | Killed a lich
 42932 | Depths:2 | Noticed a juggernaut
 42956 | Depths:2 | Killed a juggernaut
 42957 | Depths:2 | Reached XP level 18. HP: 146/166 MP: 24/24
 43008 | Depths:2 | Found a one-way gate to the infinite horrors of the Abyss.
 43087 | Depths:2 | Found an ornate altar of the Wu Jian Council.
 43127 | Depths:2 | Reached skill level 16 in Fighting
 43294 | Depths:2 | Reached skill level 10 in Armour
 43657 | Depths:2 | Noticed a juggernaut
 43674 | Depths:2 | Killed a juggernaut
 43826 | Depths:2 | Identified the ring "Teacw" {rPois Dex+3}
 43828 | Depths:2 | Noticed a juggernaut
 43836 | Depths:2 | Killed a juggernaut
 43847 | Depths:2 | Identified the +4 sling "Starlight" {heavy, Will++}
 43848 | Depths:2 | Identified the ring "Safiw" {rC+ Will+ Str+2 SInv}
 44115 | Depths:3 | Noticed a lich
 44484 | Swamp:1  | Entered Level 1 of the Swamp
 44584 | Swamp:1  | Reached skill level 17 in Fighting
 44585 | Swamp:1  | Noticed Kirke
 44598 | Swamp:1  | Killed Kirke
 45513 | Orc:2    | Bought a manual of Fighting for 960 gold pieces
 47011 | Swamp:3  | Identified the +3 short sword "Fabomnowk" {drain, rC++}
 47171 | Swamp:3  | Reached skill level 18 in Fighting
 48232 | Swamp:4  | Entered Level 4 of the Swamp
 48988 | Depths:3 | Killed a lich
 48989 | Depths:3 | Reached XP level 19. HP: 171/180 MP: 25/25
 49988 | Depths:3 | Reached skill level 19 in Fighting
 50308 | Depths:3 | Noticed Saint Roka
 50336 | Depths:3 | Killed Saint Roka
 50467 | Depths:3 | Your ally Saint Roka died
 51328 | Depths:3 | Reached skill level 20 in Fighting
 51840 | Depths:4 | Entered Level 4 of the Depths
 52166 | Depths:3 | Found a stormy altar of Qazlal.
 53291 | Swamp:4  | Noticed the 27-headed Lernaean hydra
 53306 | Swamp:4  | Killed the 27-headed Lernaean hydra
 53316 | Swamp:4  | Reached skill level 21 in Fighting
 53317 | Swamp:4  | Your ally 27-headed Lernaean hydra zombie died
 53523 | Swamp:4  | Reached XP level 20. HP: 183/198 MP: 26/26
 53532 | Swamp:4  | Got a decaying rune of Zot
 54258 | Vaults:1 | Entered Level 1 of the Vaults
 54782 | Vaults:1 | Reached skill level 22 in Fighting
 54889 | Vaults:1 | Reached skill level 15 in Armour
 57126 | Vaults:2 | Reached XP level 21. HP: 188/210 MP: 20/27
 57964 | Vaults:2 | Found a staircase to the Crypt.
 58374 | Vaults:3 | Reached skill level 23 in Fighting
 58902 | Vaults:3 | Noticed Xtahua
 58943 | Vaults:3 | Killed Xtahua
 58991 | Vaults:3 | Identified the +8 chain mail "Zerom" {*Corrode Dex+4}
 59168 | Vaults:3 | Paralysed by a great orb of eyes for 5 turns
 59413 | Vaults:3 | Found Jilison's Antique Weapon Boutique.
 59765 | Vaults:4 | Noticed Frederick
 59793 | Vaults:4 | Killed Frederick
 59805 | Vaults:4 | Your ally Frederick died
 59921 | Vaults:4 | Reached XP level 22. HP: 157/220 MP: 24/28
 61841 | Spider:2 | Noticed Arachne
 61862 | Spider:2 | Killed Arachne
 61998 | Spider:2 | Noticed Roxanne
 63026 | Spider:3 | Noticed Donald
 63030 | Spider:3 | Killed Donald
 63356 | Spider:3 | Found a transporter.
 63376 | Spider:3 | Found a transporter.
 63557 | Spider:3 | Found the amulet of Vitality {RegenMP++ Regen++}
 63620 | Spider:4 | Entered Level 4 of the Spider Nest
 63794 | Spider:4 | Noticed Louise
 63804 | Spider:4 | Killed Louise
 64647 | Spider:4 | Got a gossamer rune of Zot
 65078 | Slime:1  | Entered Level 1 of the Pits of Slime
 66064 | Slime:3  | Reached XP level 23. HP: 228/228 MP: 24/29
 66565 | Slime:4  | Paralysed by a floating eye for 4 turns
 66934 | Slime:5  | Entered Level 5 of the Pits of Slime
 67313 | Slime:5  | Noticed the Royal Jelly
 67707 | Slime:5  | Killed the Royal Jelly
 68501 | Slime:5  | Reached skill level 24 in Fighting
 68543 | Slime:5  | Identified the +0 scale mail of Midsummer {+Inv rCorr Str-5
                  | SInv}
 68551 | Slime:5  | Identified the +8 halberd "Dustrephe" {heavy, rElec Int+3}
 68616 | Slime:5  | Got a slimy rune of Zot
 68630 | Slime:5  | Identified the +1 battleaxe "Goblinbane" {holy, Dex+5}
 68703 | Slime:5  | Acquired 1030 gold pieces
 69296 | Depths:1 | Bought a scroll of enchant armour for 112 gold pieces
 69297 | Depths:1 | Bought a scroll of teleportation for 45 gold pieces
 69297 | Depths:1 | Bought a scroll of fog for 60 gold pieces
 69303 | Depths:1 | Bought a potion of resistance for 180 gold pieces
 69303 | Depths:1 | Bought 2 potions of curing for 108 gold pieces
 69303 | Depths:1 | Bought a potion of haste for 180 gold pieces
 69303 | Depths:1 | Bought a potion of brilliance for 72 gold pieces
 69695 | Depths:4 | Reached skill level 15 in Dodging
 69951 | Depths:4 | Noticed a dread lich
 69955 | Depths:4 | Killed a dread lich
 69962 | Depths:4 | Noticed a caustic shrike
 69962 | Depths:4 | Noticed a caustic shrike
 69962 | Depths:4 | Noticed a caustic shrike
 69962 | Depths:4 | Noticed a caustic shrike
 69962 | Depths:4 | Noticed a caustic shrike
 70880 | Depths:4 | Killed a caustic shrike
 71431 | Depths:4 | Reached XP level 24. HP: 219/238 MP: 29/29
 71560 | Depths:4 | Noticed a caustic shrike
 71560 | Depths:4 | Noticed a caustic shrike
 71562 | Depths:4 | Noticed a caustic shrike
 71814 | Depths:4 | Identified the +4 scimitar "Zingoar" {spect, Fly rC- Str+4}
 72000 | Depths:4 | Killed a caustic shrike
 72015 | Depths:4 | Killed a caustic shrike
 72020 | Depths:4 | Killed a caustic shrike
 72022 | Depths:4 | Killed a caustic shrike
 72249 | Depths:4 | Found a gate to the Realm of Zot.
 72732 | Depths:4 | Reached skill level 15 in Shields
 72756 | Zot:1    | Entered Level 1 of the Realm of Zot
 74873 | Zot:1    | You fall into a shaft and drop 1 floor!
 77823 | Zot:2    | Paralysed by you for 3 turns
 77840 | Zot:2    | Paralysed by you for 3 turns
 78179 | Zot:2    | Found a blossoming altar of Fedhas.
 78355 | Zot:2    | Reached XP level 25. HP: 186/247 MP: 29/29
 79254 | Zot:2    | Reached skill level 15 in Stealth
 79345 | Zot:3    | Found a runed translucent gate.
 79347 | Zot:3    | Found a runed translucent gate.
 79348 | Zot:3    | Found a runed translucent gate.
 79349 | Zot:3    | Noticed Netemen's ghost (master GnFi)
 79350 | Zot:3    | Noticed ShutUppercut's ghost (legendary DsGl)
 79836 | Zot:3    | Reached skill level 15 in Long Blades
 81424 | Zot:4    | Noticed Grunn
 81751 | Zot:4    | Killed Grunn
 82173 | Zot:4    | Identified the +5 quarterstaff of the First Coins {flame,
                  | *Noise rN++}
 82973 | Zot:5    | Entered Level 5 of the Realm of Zot
 84214 | Zot:5    | Reached skill level 25 in Fighting
 85128 | Zot:5    | Noticed a Killer Klown
 85136 | Zot:5    | a Killer Klown changed into a titan
 85236 | Zot:5    | Noticed an orb of fire
 85701 | Crypt:1  | Entered Level 1 of the Crypt
 85713 | Crypt:1  | Noticed Jory
 85743 | Crypt:1  | Killed Jory
 86119 | Crypt:1  | Reached XP level 26. HP: 195/258 MP: 29/29
 86304 | Crypt:1  | Noticed Mennas
 86333 | Crypt:1  | Killed Mennas
 87366 | Orc:2    | Bought a scroll of brand weapon for 95 gold pieces
 87366 | Orc:2    | Bought a scroll of brand weapon for 95 gold pieces
 88243 | Zot:5    | Noticed an orb of fire
 88316 | Zot:5    | Noticed an ancient lich
 88476 | Zot:4    | Killed an orb of fire
 88870 | Zot:5    | Killed an ancient lich
 88874 | Zot:5    | Noticed a Killer Klown
 88916 | Zot:5    | Killed a Killer Klown
 89021 | Zot:5    | Noticed a dread lich
 89043 | Zot:5    | Killed a dread lich
 89124 | Zot:5    | Noticed an ancient lich
 89137 | Zot:5    | Killed an ancient lich
 89176 | Zot:5    | Noticed a Killer Klown
 89195 | Zot:5    | Killed a Killer Klown
 89241 | Zot:5    | Noticed a dread lich
 89358 | Zot:5    | Killed a dread lich
 89403 | Zot:5    | Killed an orb of fire
 89603 | Zot:5    | Noticed an ancient lich
 89626 | Zot:5    | Killed an ancient lich
 89880 | Zot:5    | Noticed an ancient lich
 89926 | Zot:5    | Killed an ancient lich
 90327 | Zot:5    | Noticed a Killer Klown
 90380 | Zot:5    | Killed a Killer Klown
 90534 | Zot:5    | Noticed an ancient lich
 90563 | Zot:5    | Noticed a dread lich
 90587 | Zot:5    | Killed a dread lich
 90658 | Zot:5    | Killed an ancient lich
 91535 | Zot:5    | Got the Orb of Zot
 91756 | Depths:3 | Noticed Haka the pandemonium lord
 92322 | D:$      | Escaped with the Orb!

Illustrated notes

Levels and vault maps discovered:
D:1:      shiori_arrival_maze, layout_rooms
D:2:      layout_rooms, serial_corexii_hall, chequers_hall_statues_corner_a,
          corexii_hall_statues_s, basic_altar
D:3:      layout_loops_corners, basic_ecumenical_altar,
          minmay_misc_feat_nine_boxes
D:4:      layout_rooms, gup_sewer_entry_bowl, grunt_ministairs_8,
          serial_bayou_pond_e, uniq_menkaure
D:5:      layout_basic, lightli_ossuary_entry_decrepit_ruins,
          uniq_prince_ribbit1
D:6:      layout_gridville, grunt_temple_overflow_order_and_chaos_1
D:7:      layout_basic, minmay_temple_entry_stoned_glass
D:8:      nzn_winding_woodlands_small [nzn_winding_woodlands_5x15_jagged,
          nzn_winding_woodlands_center_pierced_h,
          nzn_winding_woodlands_5x15_split_checker], layout_basic,
          nicolae_overflow_quartered_altars, fountainhead, nicolae_grassy_gnolls
D:9:      layout_loops_corners, uniq_pikel, uniq_gastronok, uniq_joseph
D:10:     layout_loops_ring, kennysheep_orc_monster_closet_entryway,
          corexii_leaking_fountain, nicolae_shop_sticking_my_neck_out,
          uniq_maurice
D:11:     layout_long_grid, lair_entry_dummy, dancing_weapons_uskayaw
D:12:     layout_loops_corners, portal_ice_cave_entry_pillars_1,
          minmay_st_funbox
D:13:     layout_grid_maze, david_vaults_4, okawaru_gym_becter
D:14:     layout_irregular_city, minmay_stone_trees_small,
          nicolae_take_the_stairs, minmay_pinched_square
D:15:     gammafunk_enter_depths_forms, layout_small_grid,
          minmay_misc_feat_more_columns
Temple:   kb_temple_of_zot
Lair:1:   beast_lair_carwin_large_3, layout_regular_city
Lair:2:   lemuel_reptile_caves, layout_concentric_octagons,
          nicolae_spider_entry_lesser_pyramids, uniq_urug
Lair:3:   dreamdust_cave_troll, layout_regular_city, minmay_swamp_entry_reptiles
Lair:4:   minmay_guarded_unrand_snakebite, layout_cave_pods,
          nicolae_slime_entry_slimehenge
Lair:5:   hangedman_lair_tendril_chambers, layout_gridlike, wormcave,
          maelrawn_ghost_gauntlet_escape
Swamp:1:  layout_basic_swamp, evilmike_swamp_ruin_house_2, uniq_kirke
Swamp:2:  layout_basic_swamp, evilmike_swamp_ruin_house_4, swamp_pool4
Swamp:3:  layout_basic_swamp, infiniplex_staircase_pool_2, swamp_pool5,
          hangedman_swamp_dais
Swamp:4:  swamp_old_school, layout_basic_swamp, swamp_pool2
Spider:1: layout_spider_delve, gammafunk_ghost_cemetery, hellmonk_spider_spawner
Spider:2: layout_chambers, hangedman_spider_tarantella_strand, uniq_roxanne,
          uniq_arachne
Spider:3: gammafunk_sealed_arena, uniq_donald
Spider:4: hellmonk_spider_rune_endless_swarm, nicolae_looking_at_the_future,
          uniq_louise
Slime:1:  layout_caves
Slime:2:  cheibrodos_slime_lost_civilization_3, layout_caves
Slime:3:  layout_caves
Slime:4:  layout_caves
Slime:5:  slime_pit_nicolae_amoeboid
Orc:1:    giant_chief_lemuel, layout_caves, serial_shops, shop, mines3_lemuel,
          uniq_harold
Orc:2:    st_orc_ogre_mass, layout_diamond_mine, nicolae_volcano_entry_batcave,
          uniq_josephine
Vaults:1: hangedman_vaults_stitches, vaults_room_pools,
          nicolae_vaults_an_arrangement, v_alt_pattern_1,
          nicolae_vaults_ring_of_whatevers, ontoclasm_vaults_fault,
          nicolae_vaults_six-pack, v_alt_pattern_4, vaults_room_door_hall,
          layout_vaults_omnigrid
Vaults:2: vaults_room_ringed_pool, vaults_standard_mumra_lines,
          nicolae_vaults_offset_grid_hallway_1, nicolae_vaults_sesquioval_fish,
          vaults_room_door_hall, nicolae_vaults_two_Ls,
          ontoclasm_vaults_decontamination, nicolae_vaults_storage_closets_2,
          v_misc_3, v_misc_17, nicolae_vaults_trapezoid_lopsided_1,
          vaults_dpeg_hooks, nicolae_vaults_specimen_jars,
          minmay_crypt_entry_simple_box, layout_vaults_omnicross
Vaults:3: grunt_vaults_hallway_long, v_misc_9, v_rooms_4,
          nicolae_vaults_triangles, vaults_room_hangedman_quadrants,
          nicolae_vaults_tetromino_Z_1, vaults_room_mumra_shop_pool,
          vaults_room_corners, nicolae_vaults_sesquioval_fish,
          nicolae_vaults_storage_closets_3, nicolae_vaults_tangram_1,
          nicolae_vaults_hexular_roomagon, v_misc_15, layout_vaults_maze_snakey,
          uniq_xtahua
Vaults:4: nicolae_vaults_spaceships, v_misc_28, v_misc_16, v_misc_18,
          v_pattern_3, nicolae_vaults_trapezoid_lopsided_3,
          grunt_vaults_hallway_long, vaults_dpeg_ring, hangedman_vaults_maws,
          nicolae_vaults_back_hallway, nicolae_vaults_double_plus_2,
          vaults_room_pool, nicolae_vaults_more_shelving_1,
          nicolae_vaults_trapezoid_4, nicolae_vaults_tetromino_T_1,
          layout_vaults_ring, uniq_frederick
Crypt:1:  layout_chaotic_city, uniq_jory, uniq_mennas
Depths:1: layout_cave_pools, hell_entry, chequers_serial_rivers_room_a,
          lightli_fourway_metalbox, minmay_shoptagon
Depths:2: minmay_the_grid_octo_triangle [minmay_the_grid_octo_vomiting_pacman,
          minmay_the_grid_octo_prize_single_spiral,
          minmay_the_grid_octo_checkerflower], layout_gridlike,
          enter_ziggurat_a, abyss_entry, pf_coc_iceberg, rand_demon_pan_entry_5,
          pdpol_wu_jian_five_deadly_venoms, ebering_dispersal_statue_hall
Depths:3: regret_index_qazlal_generations, layout_basic, rand_demon_pan_entry_8,
          abyss_entry, hell_entry, nrook_pool_corridor, uniq_saint_roka
Depths:4: grunt_runaround [grunt_runaround_doors_1, grunt_runaround_doors_2,
          grunt_runaround_doors_3, grunt_runaround_doors_4,
          grunt_runaround_zot], serial_shops, pan_entry, hell_entry
Zot:1:    layout_concentric_octagons
Zot:2:    hangedman_orp_of_zott, layout_gridville, grunt_ministairs_14
Zot:3:    nicolae_moth_party, layout_basic, gammafunk_ghost_cemetery,
          bh_zot_lava_cross
Zot:4:    lemuel_draconian_sentries_small, layout_cathedral_of_symmetry,
          nrook_zot_tub, grunt_megastairs_5, uniq_grunn
Zot:5:    layout_twisted_circle, grunt_ministairs_4

Skill      XL: |  1  2  3  4  5  6  7  8  9 10 11 12 13 14 15 16 17 18 19 20 21 22 23 24 25 26 |
---------------+-------------------------------------------------------------------------------+-----
Dodging        | 2 3 4 5 6 7 8 9 10 11 12 13 14 15 16 | 16.4
Stealth        | 3 4 5 6 7 8 9 10 11 12 14 15 | 15.8
Spellcasting   | 2 3 4 5 |  5.0
Fighting       | 1 2 3 4 5 6 7 8 10 11 13 14 15 18 21 22 23 24 25 | 25.8
Unarmed Combat | 1 3 |  3.0
Short Blades   | 1 3 4 9 11 12 13 | 13.6
Necromancy     | 5 6 7 8 9 10 11 12 13 | 13.1
Shields        | 1 2 3 4 6 7 8 9 10 11 12 13 14 15 16 17 | 17.3
Long Blades    | 3 5 7 8 10 11 12 13 14 16 17 | 17.9
Armour         | 3 5 6 7 9 14 15 16 17 18 19 | 19.0
Air Magic      | |  0.1

Action                     |  1- 3 |  4- 6 |  7- 9 | 10-12 | 13-15 | 16-18 | 19-21 | 22-24 | 25-27 || total
---------------------------+-------+-------+-------+-------+-------+-------+-------+-------+-------++-------
  Melee: Unarmed           |    12 |       |       |       |       |       |       |       |       ||    12
         Dagger            |    51 |   174 |   323 |    90 |       |     3 |       |       |       ||   641
         Punch             |       |       |     3 |       |       |       |       |       |       ||     3
         Long sword        |       |       |    36 |   538 |  1311 |   232 |     5 |   324 |   289 ||  2735
         Quick blade       |       |       |       |       |       |  1838 |  2830 |  3338 |  2727 || 10733
  Throw: Dart              |     4 |     3 |     5 |    45 |     3 |     1 |       |       |       ||    61
   Cast: Necrotise         |    16 |    17 |    18 |    25 |    16 |     7 |       |       |       ||    99
         Vampiric Draining |       |     8 |    57 |   141 |   117 |    15 |       |     4 |     7 ||   349
         Cigotuvi's Dreadf |       |       |       |     3 |     3 |     1 |       |       |       ||     7
         Animate Dead      |       |       |       |     4 |     6 |     8 |    18 |    34 |    19 ||    89
         Dispel Undead     |       |       |       |       |     2 |     5 |     7 |       |    10 ||    24
 Invoke: Unearth Wretches  |       |       |       |       |     1 |    10 |    13 |    24 |    15 ||    63
         Torment           |       |       |       |       |       |     1 |     4 |     1 |       ||     6
         Brand Weapon With |       |       |       |       |       |     1 |       |       |       ||     1
  Evoke: Wand              |       |     5 |    17 |    24 |     6 |     7 |     4 |     3 |    11 ||    77
    Use: Scroll            |       |     7 |     5 |     8 |     8 |    14 |    17 |    13 |     8 ||    80
         Potion            |       |     5 |     2 |     2 |       |     1 |     5 |     7 |     9 ||    31
   Stab: Sleeping          |     1 |     2 |     1 |     7 |    21 |    18 |    16 |    15 |    10 ||    91
         Paralysed         |       |       |     4 |     9 |     1 |     5 |    15 |    17 |     7 ||    58
         Distracted        |       |       |       |     7 |     9 |     8 |    21 |    38 |    19 ||   102
         Invisible         |       |       |       |       |       |     5 |     2 |    11 |    12 ||    30
         Petrifying        |       |       |       |       |       |       |       |     2 |       ||     2
 Armour: Robe              |    15 |    38 |    52 |   138 |   153 |       |       |       |       ||   396
         Ring mail         |       |       |       |       |   110 |   294 |    25 |       |       ||   429
         Fire dragon scale |       |       |       |       |       |       |   366 |   597 |   413 ||  1376
         Quicksilver drago |       |       |       |       |       |       |       |       |     1 ||     1
  Dodge: Dodged            |    52 |   135 |   216 |   412 |   700 |   571 |   451 |   763 |   541 ||  3841
  Block: Buckler           |       |       |    29 |   120 |       |       |       |       |       ||   149
         Kite shield       |       |       |       |   185 |   952 |   769 |  1057 |   724 |       ||  3687
         Reflection        |       |       |       |       |       |       |    44 |    24 |    16 ||    84
         Tower shield      |       |       |       |       |       |       |       |  1339 |  1803 ||  3142

Table legend: (Time is in decaauts)
 A = Elapsed time spent in this place.
 B = Non-inter-level travel time spent in this place.
 C = Inter-level travel time spent in this place.
 D = Time resting spent in this place.
 E = Time spent auto-exploring this place.
 F = Levels seen in this place.
 G = Mean time per level.
                   A        B        C        D        E       F      G
               +--------+--------+--------+--------+--------+-----+--------+
         Total |  90643 |  82079 |   8564 |  23184 |  25678 |  51 | 1777.3 |
       Dungeon |  25883 |  22018 |   3865 |   5996 |   6705 |  15 | 1725.5 |
        Temple |     94 |     94 |      0 |      0 |      0 |   1 |   94.0 |
          Lair |  10948 |   9685 |   1263 |   2424 |   2802 |   5 | 2189.6 |
         Swamp |   5050 |   4785 |    265 |   1488 |   2103 |   4 | 1262.5 |
   Spider Nest |   6343 |   6009 |    334 |   1014 |   3410 |   4 | 1585.8 |
    Slime Pits |   3850 |   3729 |    121 |   1053 |   1589 |   5 |  770.0 |
  Orcish Mines |   3343 |   2852 |    491 |    565 |    786 |   2 | 1671.5 |
        Vaults |   6664 |   6255 |    409 |    788 |   3228 |   4 | 1666.0 |
         Crypt |   1114 |   1073 |     41 |    256 |    307 |   1 | 1114.0 |
        Depths |  12386 |  11533 |    853 |   4964 |   2474 |   4 | 3096.5 |
           Zot |  14930 |  14012 |    918 |   4616 |   2273 |   5 | 2986.0 |
       Ossuary |     32 |     32 |      0 |     19 |      0 |   1 |   32.0 |
               +--------+--------+--------+--------+--------+-----+--------+

Top non-repeatable levels by time:
   Zot:5: 4929 daAuts
Depths:3: 4006 daAuts
Depths:4: 3925 daAuts
   Zot:2: 3431 daAuts
    D:11: 3403 daAuts
  Lair:5: 2989 daAuts
Depths:2: 2808 daAuts
  Lair:4: 2734 daAuts
Spider:1: 2732 daAuts
     D:8: 2565 daAuts
    D:10: 2515 daAuts
     D:7: 2428 daAuts
  Lair:1: 2349 daAuts
   Zot:4: 2332 daAuts
   Zot:3: 2319 daAuts
